 Dungeon Crawl Stone Soup version 0.28-a0-384-g9e0c098162 (webtiles) character file.

Game seed: 5065479613800173026

23 zdrol the Poker (level 2, 0/25 HPs)
             Began as a Minotaur Gladiator on Sept 3, 2021.
             Slain by Crazy Yiuf (11 damage)
             ... on level 2 of the Dungeon.
             The game lasted 00:03:17 (904 turns).

zdrol the Poker (Minotaur Gladiator)                 Turns: 904, Time: 00:03:18

Health: 0/25       AC:  3    Str: 18    XL:     2   Next: 75%
Magic:  1/1        EV: 12    Int:  5    God:
Gold:   71         SH:  0    Dex: 11    Spells: 1/1 levels left

rFire   . . .      SeeInvis .   a - +0 trident
rCold   . . .      Faith    .   (no shield)
rNeg    . . .      Spirit   .   b - +0 leather armour
rPois   .          Reflect  .   c - +0 hat
rElec   .          Harm     .   (no cloak)
rCorr   .          Rampage  .   (no gloves)
Will    .....                   (no boots)
Stlth   +.........              (no amulet)
HPRegen 0.08/turn               (no ring)
MPRegen 0.07/turn               (no ring)

@: no status effects
A: horns 2, retaliatory headbutt
a: no special abilities


You were on level 2 of the Dungeon.
You visited 1 branch of the dungeon, and saw 2 of its levels.

You collected 71 gold pieces.

Inventory:

Hand Weapons
 a - a +0 trident (weapon)
Missiles
 d - 3 throwing nets (quivered)
Armour
 b - a +0 leather armour (worn)
 c - a +0 hat (worn)
Scrolls
 e - a scroll of amnesia {unknown}
 f - a scroll of noise {unknown}


   Skills:
 + Level 2.9 Fighting
 + Level 4.2 Polearms
 + Level 2.0 Throwing
 + Level 3.6 Dodging


You had one spell level left.
You didn't know any spells.
Your spell library was empty.

Dungeon Overview and Level Annotations

Branches:
Dungeon (2/15)

Altars:

Annotations:
D:2 Crazy Yiuf


Innate Abilities, Weirdness & Mutations

You have a pair of horns on your head.
You reflexively headbutt those who attack you in melee.


Message History

The giant cockroach bites you but does no damage.
The giant cockroach misses you.
You barely miss the giant cockroach.
Your headbutt misses the giant cockroach.
The giant cockroach bites you but does no damage.
You closely miss the giant cockroach.
Your headbutt misses the giant cockroach.
The giant cockroach bites you but does no damage.
You hit the giant cockroach.
The giant cockroach is almost dead.
The giant cockroach misses you. You furiously retaliate!
You headbutt the giant cockroach.
You kill the giant cockroach!
You see here a giant cockroach corpse.
A rat comes into view.
A rat comes into view.
The rat misses you. You furiously retaliate!
You headbutt the rat.
You kill the rat!
The rat bites you.
You closely miss the rat. The rat closely misses you.
You hit the rat. You headbutt the rat.
You kill the rat!
HP restored.
Found a stone staircase leading down.
Found a mace.
Found a runed translucent door.
Crazy Yiuf shouts!
You open the door. You hit Crazy Yiuf. Your headbutt misses Crazy Yiuf.
Crazy Yiuf is lightly wounded.
Crazy Yiuf completely misses you.
You hit Crazy Yiuf but do no damage.
You headbutt Crazy Yiuf, but do no damage.
Crazy Yiuf is lightly wounded.
Crazy Yiuf hits you with a +4 quarterstaff of chaos!
Ouch! That really hurt!
Crazy Yiuf draws strength from your wounds!
You hit Crazy Yiuf but do no damage. Crazy Yiuf misses you.
You furiously retaliate!
You headbutt Crazy Yiuf!
Crazy Yiuf hits you with a +4 quarterstaff of chaos!
You die...

#....##
#....##
#......
#....#
#....#
#...[..
#....#
♣....♣
#......
######
♣♣...♣
#......
♣♣.♣♣
#......
♣♣.♣
#######
♣.♣♣
♣♣.♣
♣@♣♣
#g# ...
#...#
#)..#
#####


You could see Crazy Yiuf.

Vanquished Creatures
  An endoplasm (D:1)
  2 giant cockroaches
  3 hobgoblins (D:1)
  3 jackals (D:1)
  4 ball pythons
  2 bats (D:1)
  A frilled lizard (D:1)
  A goblin (D:1)
  3 kobolds (D:1)
  2 rats (D:2)
22 creatures vanquished.

Notes
Turn   | Place    | Note
-------+----------+-------------------------------------------
     0 | D:1      | zdrol the Minotaur Gladiator began the quest for the Orb.
     0 | D:1      | Reached XP level 1. HP: 18/18 MP: 0/0
   208 | D:1      | Reached XP level 2. HP: 24/25 MP: 1/1
   353 | D:1      | Reached skill level 4 in Polearms
   413 | D:1      | Found a faded altar of an unknown god.
   897 | D:2      | Found a runed translucent door.
   898 | D:2      | Noticed Crazy Yiuf
   904 | D:2      | Slain by Crazy Yiuf

Illustrated notes

Levels and vault maps discovered:
D:1:      eino_arrival_cavern_c, layout_rooms,
          dilly_ecumenical_altar_fadedgnrine, chequers_serial_rivers_small_b
D:2:      layout_rooms, serial_park_tiny_pond, uniq_robin, uniq_sigmund,
          uniq_crazy_yiuf_cottage

Skill      XL: |  1  2 |
---------------+-------+-----
Polearms       | 4 |  4.2
Fighting       | |  2.9
Throwing       | |  2.0
Dodging        | |  3.6

Action                   || total
-------------------------++-------
Melee: Trident           ||    37
       Headbutt          ||     7
Armor: Leather armour    ||    20
Dodge: Dodged            ||    40

Table legend: (Time is in decaauts)
 A = Elapsed time spent in this place.
 B = Non-inter-level travel time spent in this place.
 C = Inter-level travel time spent in this place.
 D = Time resting spent in this place.
 E = Time spent auto-exploring this place.
 F = Levels seen in this place.
 G = Mean time per level.
                   A        B        C        D        E       F      G
               +--------+--------+--------+--------+--------+-----+--------+
         Total |    912 |    912 |      0 |      0 |    430 |   2 |  456.0 |
       Dungeon |    912 |    912 |      0 |      0 |    430 |   2 |  456.0 |
               +--------+--------+--------+--------+--------+-----+--------+

Top non-repeatable levels by time:
     D:1: 781 daAuts
     D:2: 131 daAuts
